cohdb
Replays
Latest Replays
All Replays
Popular Replays
Top Player Replays
Match Explorer
How It Works
Community
CoH3 Stats
Reddit
Sign in to upload your games and track your stats! →
Sign in with Steam
Match 45564848
Unlisted
Match 45564848
Overview
Messages
Build Orders
End
Panzerpioneer Squad
Panzerpioneer Squad
Selects Italian Infantry
Kradschützen Motorcycle Team
Construct Light Support Kompanie
Selects Defensive Operations
Fire Support Elements
le.IG 18 Support Gun Team
le.IG 18 Support Gun Team
Construct Panzerarmee Kommand
2.5-tonne Medical Truck
Walking Stuka Rocket Launcher
Selects Prepared Positions
Walking Stuka Rocket Launcher
Selects Guastatori Squad
Guastatori Squad
Drink||Chouchen
Evelynn
FLOKL
Seiun Sky
Ginka
楠子
0
0
Comments
sign in to comment!
No comments posted yet!